 Dungeon Crawl Stone Soup version 0.20-a0-513-g02c11fc (webtiles) character file.

17012 polly the Basher (level 12, 0/76 HPs)
             Began as a Gargoyle Fighter on Jan 23, 2017.
             Was a High Priest of Okawaru.
             Killed by divine providence
             ... invoked by a meliai
              (9 damage)
             ... on level 13 of the Dungeon.
             The game lasted 00:23:53 (12239 turns).

polly the Basher (Gargoyle Fighter)                Turns: 12239, Time: 00:23:54

Health: 0/76       AC: 32    Str: 23    XL:     12   Next: 43%
Magic:  0/12       EV:  6    Int:  9    God:    Okawaru [*****.]
Gold:   696        SH: 12    Dex: 11    Spells: 11/11 levels left

rFire    . . .     SeeInvis .   l - +2 eveningstar (protect)
rCold    . . .     Gourm    .   N - +0 plate armour
rNeg     + . .     Faith    .   c - +0 shield
rPois    ∞         Spirit   +   e - +2 helmet
rElec    +         Reflect  .   b - +0 cloak (curse)
rCorr    .         Harm     .   R - +1 pair of gloves
MR       .....                  r - +0 pair of boots
Stlth    ..........             J - amulet of guardian spirit
Regen    0.3/turn               (no ring)
                                i - ring of flight

@: no status effects
A: negative energy resistance 1, electricity resistance, unbreathing,
petrification resistance, rot immunity, AC +8
a: Heroism, Finesse, Renounce Religion, Evoke Flight


You were on level 13 of the Dungeon.
You worshipped Okawaru.
Okawaru was extremely pleased with you.
You were very hungry.

You visited 2 branches of the dungeon, and saw 14 of its levels.

You collected 696 gold pieces.

Inventory:

Hand Weapons
 l - a +2 eveningstar of protection (weapon)
Armour
 b - a cursed +0 cloak (worn)
 c - a +0 shield (worn)
 e - a +2 helmet (worn)
 r - a +0 pair of boots (worn)
 N - a +0 plate armour (worn)
 R - a +1 pair of gloves (worn)
Jewellery
 i - a ring of flight (left hand)
 J - an amulet of guardian spirit (around neck)
Wands
 g - a wand of acid (5/15)
 y - a wand of lightning (7/15)
 C - a wand of iceblast (6/15)
 L - a wand of iceblast (9/15)
 Q - a wand of iceblast (8/15)
Scrolls
 j - a scroll of magic mapping
 p - 4 scrolls of immolation
 s - 2 scrolls of identify
 v - a scroll of recharging {unknown}
 x - 5 scrolls of fear
 z - 2 scrolls of enchant weapon
 A - 3 scrolls of amnesia
 D - 2 scrolls of random uselessness {unknown}
 F - 2 scrolls of remove curse
 H - 6 scrolls of teleportation
Potions
 d - a potion of resistance
 m - 2 potions of flight
 n - a potion of agility
 o - a potion of curing
 q - 3 potions of heal wounds
 t - a potion of invisibility
 E - a potion of haste
 M - a potion of might
 P - a potion of ambrosia {unknown}
Books
 G - a book of Callings

   Spells                             Type                      Level
   a - Summon Small Mammal            Summoning                    1
   b - Call Imp                       Summoning                    2
   c - Call Canine Familiar           Summoning                    3
   d - Summon Guardian Golem          Hexes/Summoning              3
   e - Summon Lightning Spire         Summoning/Air                4
   f - Summon Ice Beast               Ice/Summoning                4
 I - a book of Misfortune

   Spells                             Type                      Level
   a - Confusing Touch                Hexes                        1
   b - Confuse                        Hexes                        3
   c - Gell's Gravitas                Hexes/Translocation          3
   d - Petrify                        Transmutation/Earth          4
   e - Metabolic Englaciation         Hexes/Ice                    5
   f - Yara's Violent Unravelling     Hexes/Transmutation          5
 K - a book of Minor Magic

   Spells                             Type                      Level
   a - Magic Dart                     Conjuration                  1
   b - Blink                          Translocation                2
   c - Call Imp                       Summoning                    2
   d - Repel Missiles                 Charms/Air                   2
   e - Slow                           Hexes                        2
   f - Conjure Flame                  Conjuration/Fire             3
   g - Mephitic Cloud                 Conjuration/Poison/Air       3
Comestibles
 f - 12 bread rations
 h - 6 meat rations
 k - 4 fruits
 B - 4 royal jellies


   Skills:
 + Level 9.1 Fighting
 + Level 12.7 Maces & Flails
 + Level 9.9 Armour
 + Level 11.7 Shields
 + Level 0.2 Invocations


You had 11 spell levels left.
You didn't know any spells.

Dungeon Overview and Level Annotations

Branches:
Dungeon (13/15)            Temple (1/1) D:5            Lair (0/6) D:10
    Orc (0/2) D:12
 Vaults: D:13-14

Altars:
Ashenzari
Cheibriados
Dithmenos
Elyvilon
Fedhas
Gozag
Hepliaklqana
Kikubaaqudgha
Makhleb
Nemelex Xobeh
Okawaru
Qazlal
Ru
Sif Muna
Trog
Uskayaw
Vehumet
Xom
Yredelemnul
Zin
The Shining One


Innate Abilities, Weirdness & Mutations

You are resistant to torment.
Your stone body is resilient. (AC +8)
You are immune to poison.
You resist negative energy. (rN+)
You are resistant to electric shocks. (rElec)
You can survive without breathing.
You are immune to petrification.
You are immune to rotting.


Message History

The kobold demonologist miscasts a cantrip.
The meliai hits you but does no damage.
The meliai stings you but does no damage.
The meliai invokes the aid of its god against you.
Something smites you! The neqoxec gestures at you.
Something tries to feed on your intellect!
The meliai hits you with a war axe!
* * * LOW HITPOINT WARNING * * *
You block the meliai's attack. The meliai completely misses you.
The meliai stings you but does no damage.
The meliai calls down the wrath of its god upon you.
Something smites you!
* * * LOW HITPOINT WARNING * * *
The meliai hits you with a war axe.
* * * LOW HITPOINT WARNING * * *
You block the meliai's attack.
The meliai calls down the wrath of its god upon you.
Something smites you!
You die...

#..####.[# ...# #........#
#..# #........# #..#
#........# #..# #........#
#..# #.......<# #..#
#........####
#.o#####.y#####............
#.KKKK..3y@)(.......(......
#o.YKKy3..............)####
...####..#####..#####..# .
#..# #..# #..# #..# #..#
#..# #..# #..# #..# #..#
#..# #..# ...# #..# #..#
#...


You could see a kobold demonologist, a sixfirhy, a neqoxec, an ice beast, a big
kobold, 3 meliai and 3 kobolds.

Vanquished Creatures
  Harold (D:10)
  A centaur warrior (D:11)
  4 two-headed ogres
  The ghost of shmesh the Skirmisher, a novice OgWn (D:5)
  An unseen horror (D:12)
  A cyclops (D:11)
  2 kobold demonologists (D:11)
  3 trolls
  Grinder (D:5)
  A hornet (D:11)
  Prince Ribbit (D:8)
  4 slime creatures (D:11)
  2 hippogriffs
  16 yaks
  A spriggan (D:7)
  A wyvern (D:9)
  Grum (D:9)
  A hungry ghost (D:11)
  A water moccasin (D:11)
  A porcupine (D:10)
  4 ice beasts
  6 orc warriors
  3 sky beasts
  2 ogres
  2 phantoms
  A necrophage (D:8)
  4 wolves (D:9)
  5 centaurs
  A crocodile (D:9)
  7 big kobolds
  6 bullfrogs
  2 wyvern zombies
  A gnoll sergeant (D:11)
  4 scorpions
  8 killer bees
  2 water moccasin skeletons
  2 electric eels (D:8)
  A bullfrog zombie (D:10)
  6 crimson imps
  6 centaur zombies
  A hound (D:8)
  2 jellies
  6 orc wizards
  5 orc priests
  2 bullfrog skeletons (D:12)
  3 iguanas
  5 worker ants
  A killer bee zombie (D:6)
  A hound skeleton (D:11)
  A hound zombie (D:10)
  2 worker ant zombies
  4 gnolls (D:11)
  12 adders
  2 shadow imps
  An ooze (D:2)
  2 adder zombies
  5 worms
  A dart slug (D:1)
  2 leopard geckos
  42 orcs
  4 giant cockroaches
  9 hobgoblins
  2 jackals (D:1)
  12 kobolds
  3 quokkas
  A ball python (D:2)
  A bat (D:3)
  5 frilled lizards
  6 goblins
  A leopard gecko skeleton (D:6)
  2 leopard gecko zombies
  6 rats
  A plant (D:10)
271 creatures vanquished.

Vanquished Creatures (others)
  A sky beast (D:12)
  A plant (D:10)
2 creatures vanquished.

Grand Total: 273 creatures vanquished

Notes
Turn   | Place    | Note
-------+----------+-------------------------------------------
     0 | D:1      | polly the Gargoyle Fighter began the quest for the Orb.
     0 | D:1      | Reached XP level 1. HP: 14/14 MP: 1/1
   301 | D:1      | Reached XP level 2. HP: 18/19 MP: 2/2
   935 | D:2      | Reached XP level 3. HP: 14/24 MP: 3/3
  1073 | D:2      | Found a white marble altar of Elyvilon.
  1780 | D:3      | Found a shimmering altar of Xom.
  1819 | D:3      | Reached XP level 4. HP: 29/29 MP: 4/4
  2186 | D:3      | Reached skill level 3 in Maces & Flails
  2751 | D:4      | Reached XP level 5. HP: 33/33 MP: 5/5
  2920 | D:4      | Reached skill level 4 in Maces & Flails
  2927 | D:4      | Reached XP level 6. HP: 20/38 MP: 6/6
  3020 | D:4      | Noticed a phantom
  3054 | D:4      | Killed a phantom
  3150 | D:4      | Reached skill level 5 in Armour
  3154 | D:4      | Reached skill level 5 in Maces & Flails
  3154 | D:4      | Reached XP level 7. HP: 40/44 MP: 7/7
  3370 | D:5      | Entered Level 5 of the Dungeon
  3548 | D:5      | Noticed Grinder
  3567 | D:5      | Killed Grinder
  3567 | D:5      | Reached skill level 5 in Shields
  3580 | D:5      | Reached skill level 6 in Maces & Flails
  3619 | D:5      | Reached XP level 8. HP: 48/48 MP: 8/8
  3701 | D:5      | Found a staircase to the Ecumenical Temple.
  3716 | Temple   | Entered the Ecumenical Temple
  3855 | Temple   | Became a worshipper of Warmaster Okawaru
  4091 | D:5      | Noticed shmesh's ghost (novice OgWn)
  4137 | D:5      | Killed shmesh's ghost
  4137 | D:5      | Reached skill level 5 in Fighting
  4137 | D:5      | Reached skill level 7 in Maces & Flails
  4216 | D:5      | Reached * piety under Okawaru
  4216 | D:5      | Reached XP level 9. HP: 51/54 MP: 9/9
  4435 | D:5      | Found a hide-covered altar of Uskayaw.
  4435 | D:5      | Found a snail-covered altar of Cheibriados.
  4563 | D:6      | Reached skill level 8 in Maces & Flails
  5655 | D:7      | Found a shattered altar of Ashenzari.
  5877 | D:7      | Reached ** piety under Okawaru
  5877 | D:7      | Reached skill level 9 in Maces & Flails
  6685 | D:8      | Reached XP level 10. HP: 37/61 MP: 8/10
  6876 | D:8      | Noticed Prince Ribbit
  7118 | D:8      | Killed Prince Ribbit
  7706 | D:9      | Reached skill level 10 in Maces & Flails
  7716 | D:9      | Found a stormy altar of Qazlal.
  8020 | D:9      | Reached *** piety under Okawaru
  8077 | D:9      | Noticed Grum
  8110 | D:9      | Killed Grum
  8456 | D:10     | Entered Level 10 of the Dungeon
  8869 | D:10     | Noticed a two-headed ogre
  8880 | D:10     | Killed a two-headed ogre
  8880 | D:10     | Reached **** piety under Okawaru
  9055 | D:10     | Noticed Harold
  9093 | D:10     | Killed Harold
  9093 | D:10     | Reached XP level 11. HP: 57/68 MP: 9/11
  9107 | D:10     | Reached skill level 11 in Maces & Flails
  9146 | D:10     | Found a staircase to the Lair.
  9255 | D:11     | Reached ***** piety under Okawaru
  9457 | D:11     | Noticed a two-headed ogre
  9495 | D:11     | Killed a two-headed ogre
  9495 | D:11     | Reached skill level 10 in Shields
  9797 | D:11     | Noticed a two-headed ogre
  9808 | D:11     | Killed a two-headed ogre
  9859 | D:11     | Received a gift from Okawaru
 10465 | D:11     | Noticed a cyclops
 10663 | D:11     | Killed a cyclops
 10809 | D:11     | Reached skill level 12 in Maces & Flails
 11212 | D:11     | Reached XP level 12. HP: 75/75 MP: 12/12
 11226 | D:11     | Noticed a centaur warrior
 11242 | D:11     | Killed a centaur warrior
 11702 | D:12     | Received a gift from Okawaru
 12016 | D:12     | Found a staircase to the Orcish Mines.
 12183 | D:13     | Noticed a two-headed ogre
 12195 | D:13     | Killed a two-headed ogre
 12239 | D:13     | Killed from afar by a meliai

Vault maps used:
D:1:      nicolae_arrival_somewhat_less_tricky_arrival
D:2:      old_standard_altar, first_bread
D:3:      marbit_many_paths
D:4:      cheibrodos_thug_alley
D:5:      gammafunk_temple_overflow_wave, uniq_grinder
D:7:      lemuel_crystal_altar, the_bakery, kennysheep_potato
D:8:      serial_bayou_lake_a, uniq_prince_ribbit1
D:9:      lemuel_coloured_pillars_altar, corexii_corridor_pit, uniq_grum
D:10:     grunt_lair_entry_orc_guard_hut, uniq_harold
D:12:     orc_0_dummy
D:13:     david_vaults_4
Temple:   regret_index_temple_generic_petals

Skill      XL: |  1  2  3  4  5  6  7  8  9 10 11 12 |
---------------+-------------------------------------+-----
Armour         | 4 5 6 7 8 9 |  9.9
Maces & Flails | 3 4 5 6 7 9 10 12 | 12.7
Fighting       | 4 5 6 7 8 9 |  9.1
Shields        | 4 5 6 7 9 11 | 11.7
Invocations    | |  0.2

Action                   |  1- 3 |  4- 6 |  7- 9 | 10-12 || total
-------------------------+-------+-------+-------+-------++-------
Melee: Flail             |   118 |   161 |   516 |   892 ||  1687
       Eveningstar       |       |       |       |    89 ||    89
Invok: Heroism           |       |       |       |     1 ||     1
  Use: Scroll            |     4 |       |       |    11 ||    15
       Potion            |       |     1 |     1 |     3 ||     5
  Eat: Chunk             |     3 |     3 |     9 |    17 ||    32
       Fruit             |       |       |     6 |     2 ||     8
       Royal jelly       |       |       |       |     1 ||     1
Armor: Scale mail        |    62 |    50 |       |       ||   112
       Chain mail        |       |    89 |   248 |    45 ||   382
       Plate armour      |       |       |       |   675 ||   675
Dodge: Dodged            |    27 |    50 |    83 |   212 ||   372
Block: Shield            |    49 |    97 |   209 |   654 ||  1009
